 Dungeon Crawl Stone Soup version 0.29.1-1-gd02db6906a (webtiles) character file.

Game seed: 11057511555274178148

205 101zpm the Magician (level 6, -1/40 HPs)
             Began as a Djinni Fire Elementalist on Oct 3, 2022.
             Slain by a hound zombie (3 damage)
             ... in an ossuary.
             The game lasted 00:09:57 (4349 turns).

101zpm the Magician (Djinni Fire Elementalist)      Turns: 4349, Time: 00:09:57

Health: -1/40      AC:  6    Str:  7    XL:     6   Next: 10%
Gold:   169        EV: 12    Int: 25    God:
                   SH:  0    Dex: 13

rFire   + + .      SeeInvis .   (no weapon)
rCold   x . .      Faith    .   (no shield)
rNeg    . . .      Spirit   .   a - +0 robe
rPois   ∞          Reflect  .   (no helmet)
rElec   .          Harm     .   (no cloak)
rCorr   .          Rampage  .   (no gloves)
Will    .....                   (boots unavailable)
Stlth   ++........              (no amulet)
HPRegen 0.13/turn               c - +6 ring of intelligence
MPRegen 0.00/turn               l - +4 ring of protection

@: flying
A: sickness immunity, fire resistance 2, cold vulnerability 1, float, innate
caster, HP casting, extra vitality 1
a: no special abilities


You were in an ossuary.
You visited 1 branch of the dungeon, and saw 4 of its levels.
You also visited: Ossuary.

You collected 169 gold pieces.

Inventory:

Armour
 a - a +0 robe (worn)
Jewellery
 c - a +6 ring of intelligence (left hand)
 e - an amulet of faith
 f - a ring of protection from fire
 l - a +4 ring of protection (right hand)
Scrolls
 g - a scroll of poison
Potions
 b - a potion of attraction {unknown}
 j - 2 potions of heal wounds {unknown}
 m - 2 potions of haste {unknown}


   Skills:
 + Level 2.4 Dodging
 + Level 2.2 Stealth
 + Level 4.6 Spellcasting


You couldn't memorise any spells.
You knew the following spells:

 Your Spells              Type           Power      Damage    Failure   Level
a - Foxfire               Conj/Fire      100%       2x1d9     1%          1
b - Scorch                Fire           56%        2d8       1%          2
c - Conjure Flame         Conj/Fire      28%        6-21      3%          3
d - Inner Flame           Hex/Fire       28%        N/A       3%          3
e - Flame Wave            Conj/Fire      28%        2d9       13%         4
f - Shock                 Conj/Air       100%       1d9       1%          1
g - Poisonous Vapours     Pois/Air       56%        N/A       1%          2
Your spell library was empty.

Dungeon Overview and Level Annotations

Branches:
Dungeon (4/15)            Ossuary (1/1)
 Temple: D:4-7

Altars:
The Shining One


Innate Abilities, Weirdness & Mutations

You are immune to sickness and miasma.
You are immune to poison.
Your flesh is very heat resistant. (rF++)
You are vulnerable to cold. (rC-)
You float through the air rather than walking.
You learn spells naturally, not from books.
Your magical power is your life essence.
You have superior vitality. (+4 MHP)


Message History

* * * LOW HITPOINT WARNING * * *
The goblin zombie explodes!
The fiery explosion engulfs the orc zombie!!!
You destroy the orc zombie!
Casting: Shock (safe; 1% risk of failure)
Confirm with . or Enter, or press ? or * to list all spells.
Flames lash the kobold zombie.
You destroy the kobold zombie!
* * * LOW HITPOINT WARNING * * *
The adder zombie closely misses you.
A mummy comes into view.
The hound zombie bites you but does no damage.
The adder zombie bites you.
* * * LOW HITPOINT WARNING * * *
The hound zombie misses you.
The hound zombie attacks as you move away!
The hound zombie bites you but does no damage.
The adder zombie attacks as you move away!
The adder zombie bites you.
* * * LOW HITPOINT WARNING * * *
The hound zombie is engulfed in blazing flames.
The adder zombie is engulfed in blazing flames.
The adder zombie bites you but does no damage.
The jackal zombie is engulfed in blazing flames.
You destroy the jackal zombie!
The hound zombie misses you.
Found a gate leading back out of this place.
The hound zombie attacks as you move away!
The hound zombie bites you but does no damage.
Found a scroll labelled SUUBORGH PIUM and 2 scrolls labelled NANYVV NOMET.
The orc zombie is engulfed in blazing flames.
You destroy the orc zombie!
The hound zombie attacks as you move away!
The hound zombie bites you but does no damage.
Found a scroll labelled BAHERUSMEE and a scroll labelled ERUUN VYCLA.
The gnoll zombie is engulfed in blazing flames.
You destroy the gnoll zombie!
The hound zombie attacks as you move away!
The hound zombie bites you.
You die...

#..........∩∩...... ..
#..................
..#.......○...........
..........☼§..........
.....##...°ZZ.........
.....##...............
..........Z...........
.......ZM.............
+##....@ZZ..#####....
??#............. ...
??#...........∩.. ..
#################


You could see a mummy, an adder zombie, 3 rat zombies, a hound zombie and a
hobgoblin zombie.

Vanquished Creatures
  A hound (D:4)
  Terence (D:3)
  2 orc wizards (D:4)
  A worm (D:4)
  2 dart slugs
  12 orcs
  4 ball pythons
  8 bats
  6 endoplasms
  3 giant cockroaches (D:1)
  A gnoll zombie (Ossuary)
  4 goblins
  3 hobgoblins
  4 jackals (D:1)
  4 kobolds
  5 quokkas
  4 frilled lizards
  A goblin zombie (Ossuary)
  A jackal zombie (Ossuary)
  A kobold zombie (Ossuary)
  2 orc zombies (Ossuary)
  5 rats (D:1)
75 creatures vanquished.

Vanquished Creatures (others)
  169 foxfires
169 creatures vanquished.

Grand Total: 244 creatures vanquished

Notes
Turn   | Place    | Note
-------+----------+-------------------------------------------
     0 | D:1      | 101zpm the Djinni Fire Elementalist began the quest for the
                  | Orb.
     0 | D:1      | 101zpm set off with the following spells memorised:
                  | Foxfire, Scorch, Conjure Flame, Inner Flame, Flame Wave.
     0 | D:1      | Reached XP level 1. HP: 15/15 MP: 0/0
   470 | D:1      | Reached XP level 2. HP: 17/21 MP: 0/0
  1264 | D:1      | Reached skill level 3 in Spellcasting
  1266 | D:1      | Reached XP level 3. HP: 21/25 MP: 0/0
  1266 | D:1      | Learned a level 1 spell: Shock
  2305 | D:3      | Reached XP level 4. HP: 19/31 MP: 0/0
  2674 | D:3      | Found a glowing golden altar of the Shining One.
  2734 | D:3      | Noticed Terence
  2739 | D:3      | Killed Terence
  3732 | D:4      | Reached XP level 5. HP: 26/35 MP: 0/0
  3732 | D:4      | Learned a level 2 spell: Poisonous Vapours
  4047 | D:4      | Reached skill level 4 in Spellcasting
  4326 | D:4      | Reached XP level 6. HP: 2/40 MP: 0/0
  4328 | D:4      | Found a sand-covered staircase.
  4335 | Ossuary  | Entered an ossuary
  4344 | Ossuary  | HP: 2/40 [adder zombie (3)]
  4349 | Ossuary  | Slain by a hound zombie

Illustrated notes

Levels and vault maps discovered:
D:1:      minmay_arrival_glassed_features, layout_basic,
          minmay_misc_feat_four_crosses
D:2:      layout_basic, ebering_ecumenical_altar_sacrificial, minmay_vboxes
D:3:      layout_loops_ring, amcnicky_altar_gilded, kennysheep_generic_room_16,
          uniq_terence
D:4:      layout_loops_cross, chequers_ossuary_entry_cave
Ossuary:  ossuary_minmay_tomb_2a

Skill      XL: |  1  2  3  4  5 |
---------------+----------------+-----
Spellcasting   | 3 4 |  4.6
Stealth        | 2 |  2.2
Dodging        | |  2.4

Action                   |  1- 3 |  4- 6 || total
-------------------------+-------+-------++-------
 Cast: Foxfire           |    79 |    30 ||   109
       Scorch            |    10 |    11 ||    21
       Shock             |       |    17 ||    17
       Inner Flame       |       |    18 ||    18
       Poisonous Vapours |       |    10 ||    10
  Use: Scroll            |       |     5 ||     5
       Potion            |       |     1 ||     1
Armor: Robe              |     1 |     5 ||     6
Dodge: Dodged            |     1 |     4 ||     5
